montu, chaotic male human Wizard ------- |.....| ------ # |.....| |....| --------------- % |.....| |....|#########|..............# #o# |.....| #-....| #..............|# [@ |.....| ###------ |...[.........|### #)# |......####################-.....).......| # ### -.-----### --------------- ### ## # # #### ############# # # ###---------+---- # # #.............| ## # |............| --.----# |............| |......# -------------- |.....| |....<| ------- montu the Conjurer Experience level: 5 Strength: 9 Dexterity: 13 Constitution: 15 Intelligence: 18 Wisdom: 7 Charisma: 12 Health: 0(54) Energy: 7(24) Def: 3 Gold: 518 Moves: 2144 Dungeon seed: PfcmARxFNeewF_J9 Game ID: montu_1704824288 Your Inventory: Coins $ - 518 gold pieces Weapons a - a blessed +1 quarterstaff (weapon in hands) t - an uncursed +0 nasty flail Armor e - an uncursed +0 cloak of magic resistance (being worn) x - a cursed +0 oilskin cloak F - an uncursed +1 elven leather helm (being worn) Comestibles l - an uncursed lichen corpse m - 2 uncursed slime molds o - an uncursed lembas wafer u - an uncursed candy bar Scrolls q - a cursed scroll of confuse monster A - an uncursed scroll of identify B - an uncursed scroll of enchant weapon D - an uncursed scroll of scare monster E - a blessed scroll of charging Potions r - an uncursed potion of restore ability s - an uncursed potion of sleeping Rings v - an uncursed ring of conflict w - a cursed ring of hunger Wands b - an uncursed wand of striking (0:5) i - an uncursed wand of magic missile (0:7) k - an uncursed wand of polymorph (0:8) Tools h - an uncursed blindfold j - an uncursed lock pick p - a cursed oil lamp (lit) (0:163) C - an uncursed tin whistle G - an uncursed towel Gems n - 2 uncursed touchstones y - 4 uncursed worthless pieces of blue glass z - an uncursed chrysoberyl stone N - an uncursed worthless piece of yellowish brown glass Y - an uncursed worthless piece of white glass Spells and supernatural/magical abilities: Name Level Category Cost Memory a - force bolt 1 attack 8pw 97% k - knock 1 matter 12pw 97% m - magic missile 2 attack 16pw 97% n - detect monsters 1 divination 12pw 97% W - pray for help -- divine ? -- Your skills at the end: Fighting Skills wands [Basic] Weapon Skills quarterstaff [Basic] Spellcasting Skills attack spells [Basic] enchantment spells [Basic] Final Attributes: You were piously aligned. You were magic resistant. Anhur was noncommittal. You are dead. Vanquished creatures: a giant ant a homunculus 2 kobold lords 8 hill orcs a werejackal 2 iguanas an acid blob a hobbit 2 hobgoblins 2 giant rats a cave spider 9 garter snakes 4 geckos 6 jackals a fox 3 goblins a sewer rat 5 grid bugs 2 lichens 5 newts 58 creatures vanquished. Voluntary challenges: You were an atheist. You used a wielded weapon 77 times, starting on turn 208. You were illiterate. You never genocided any monsters. You never polymorphed an object. You never changed form. You used no wishes. You never split a pudding. You never wrote Elbereth's name. You never violated your personal moral code. Dungeon overview: The Dungeons of Doom: levels 1 to 5 Level 1 a fountain, a sink a long staircase Level 2 some fountains Level 3 Level 4 a fountain a long staircase Level 5 <- You were here a vault History has recorded: On T:1 you entered the Dungeons of Doom to retrieve the Amulet of Yendor! On T:411 you reached level 2 of The Dungeons of Doom. On T:702 you advanced to experience level 2. On T:1019 you reached level 3 of The Dungeons of Doom. On T:1057 you advanced to experience level 3. On T:1433 you reached level 4 of The Dungeons of Doom. On T:1502 you advanced to experience level 4. On T:1924 you reached level 5 of The Dungeons of Doom. On T:2114 you advanced to experience level 5. Score breakdown: Gold: 518 ( 9236 points) Experience: 5 levels (11141 points) Exploration: 5 levels ( 9.80%) ( 8485 points) Discoveries: 2 items ( 0.67%) ( 2457 points) Valuables value: (no points given unless you survive) Artifact value: 0 ( 0 points) Variety of kills: 20 monsters ( 5.26%) ( 6882 points) Turncount: 2144 turns ( -103 points) Survival: died (score multiplied by 80%) Total score: 30478 Latest messages: The hill orc is killed! The force bolt misses the hill orc. The hill orc picks up a few items from the floor. You hit the hill orc! The hill orc wields a curved sword! You hit the hill orc! The hill orc swings his curved sword at you. The hill orc hits! You kill the hill orc! You don't have that object. Never mind. There are several objects here. The hill orc picks up a few items from the floor. You resume your meal. The hill orc wields a curved sword! The hill orc removes an iron skull cap and puts on an iron skull cap. You stop eating. [4 turns] You hit the hill orc. The hill orc swings his curved sword at you. The hill orc hits! You die... Final status: Goodbye montu the Wizard, killed by a hill orc... You died in The Dungeons of Doom on dungeon level 5 with 30478 points, and 518 pieces of gold, after 2144 moves. You were level 5 with a maximum of 54 hit points when you died.